[Event "GambitGuide"]
[Site "Internet Chess Club"]
[Date "2014.10.30"]
[Round "1"]
[White "JSBach"]
[Black "myner49r"]
[Result "1-0"]
[ICCResult "Black resigns"]
[WhiteElo "1713"]
[BlackElo "1247"]
[Opening "Vienna: `Frankenstein-Dracula' variation"]
[ECO "C27"]
[NIC "VG.02"]
[Time "19:46:27"]
[TimeControl "120+12"]

1. e4 e5 2. Nc3 Nf6 3. Bc4 Nxe4 4. Qh5 Nd6 5. Bb3 Nc6 6. Nb5 g6 7. Qf3 f5 8.
Qd5 Qe7 9. Nxc7+ Kd8 10. Nxa8 b6 11. Ba4 Bb7 12. Nxb6 axb6 13. Qb3 Na5 14.
Qxb6+ Ke8 15. Qxa5 Bxg2 16. Bc6 dxc6 17. Nf3 Bxh1 18. Nxe5 Nb5 19. Qa8+ Qd8
20. Qxd8+ Kxd8 21. Nf7+ Ke7 22. Nxh8 Nd4 23. Kf1 Nxc2 24. Rb1 Nd4 25. a4 Be4
26. Ra1 Nb3 27. Ra3 Nxc1 28. Rh3 Nd3 29. Rxh7+ Kd6 30. Nxg6 Nxb2 31. Rb7
Nxa4 32. Nxf8 Nc5 33. Rg7 Nb3 34. Rd7+ Kc5 35. Ne6+ Kc4 36. Ke1 Nc1 37. Rd4+
Kb3 38. Nc5+ Kc2 39. Rc4+ Kb1 40. Rxc1+ Kxc1 41. Nxe4 fxe4 42. h4
{Black resigns}
1-0

[Event "GambitGuide"]
[Site "Internet Chess Club"]
[Date "2014.10.30"]
[Round "1"]
[White "JSBach"]
[Black "fishhead"]
[Result "1-0"]
[ICCResult "Black resigns"]
[WhiteElo "1713"]
[BlackElo "1597"]
[Opening "Vienna: `Frankenstein-Dracula' variation"]
[ECO "C27"]
[NIC "VG.02"]
[Time "19:51:25"]
[TimeControl "120+12"]

1. e4 e5 2. Nc3 Nf6 3. Bc4 Nxe4 4. Qh5 Nd6 5. Bb3 Nc6 6. Nb5 g6 7. Qf3 f5 8.
Qd5 Qe7 9. Nxc7+ Kd8 10. Nxa8 b6 11. Ba4 Bb7 12. Nxb6 axb6 13. Qb3 b5 14.
Nf3 bxa4 15. Qxa4 Bg7 16. O-O Re8 17. Re1 Nf7 18. Qb5 h6 19. Qxb7
{Black resigns}
1-0

[Event "GambitGuide"]
[Site "Internet Chess Club"]
[Date "2014.10.30"]
[Round "1"]
[White "JSBach"]
[Black "kaisar"]
[Result "1-0"]
[ICCResult "Black checkmated"]
[WhiteElo "1713"]
[BlackElo "1311"]
[Opening "Vienna: `Frankenstein-Dracula' variation"]
[ECO "C27"]
[NIC "VG.02"]
[Time "19:43:58"]
[TimeControl "120+12"]

1. e4 e5 2. Nc3 Nf6 3. Bc4 Nxe4 4. Qh5 Nd6 5. Bb3 Nc6 6. Nb5 g6 7. Qf3 f5 8.
Qd5 Qe7 9. Nxc7+ Kd8 10. Nxa8 b6 11. Ba4 Bb7 12. Nxb6 axb6 13. Qb3 b5 14.
Nf3 bxa4 15. Qxa4 Bh6 16. O-O Kc7 17. Re1 Ra8 18. Qb3 e4 19. d3 Bxc1 20.
Raxc1 Ra5 21. dxe4 fxe4 22. c4 Rc5 23. a4 Ba6 24. Nd2 Nd4 25. Qe3 Qf6 26.
Nxe4 Nxe4 27. Qxe4 Bxc4 28. Qe8 Qg5 29. Kh1 Be6 30. f4 Qd5 31. Qe7 Rxc1 32.
Rxc1+ Nc6 33. Qxh7 Bf5 34. b3 Be4 35. Kg1 Qd4+ 36. Kh1 Qd5 37. Kg1 Kb6 38.
Qg7 Nb4 39. Qc3 Nc6 40. f5 gxf5 41. Qe3+ Kb7 42. g3 Bh1 43. Qf2 Be4 44. Qe3
Qd4 45. Qf2 Qxf2+ 46. Kxf2 Nd4 47. Rc4 Nc2 48. a5 d5 49. Rc5 Ka6 50. h4 d4
51. h5 d3 52. Re5 d2 53. Re6+ Kb5 54. Rd6 Kxa5 55. h6 Kb4 56. h7 Kxb3 57.
h8=Q Ne1 58. Qg8+ Kb4 59. Rd4+ Kc5 60. Qc4+ Kb6 61. Rd6+ Kb7 62. Qa6+ Kc7
63. Qb6+ Kc8 64. Rd8# {Black checkmated} 1-0

[Event "GambitGuide"]
[Site "Internet Chess Club"]
[Date "2014.10.30"]
[Round "1"]
[White "JSBach"]
[Black "Paul-Romero"]
[Result "0-1"]
[ICCResult "White checkmated"]
[WhiteElo "1713"]
[BlackElo "1822"]
[Opening "Vienna: `Frankenstein-Dracula' variation"]
[ECO "C27"]
[NIC "VG.02"]
[Time "19:47:45"]
[TimeControl "120+12"]

1. e4 e5 2. Nc3 Nf6 3. Bc4 Nxe4 4. Qh5 Nd6 5. Bb3 Nc6 6. Nb5 g6 7. Qf3 f5 8.
Qd5 Qe7 9. Nxc7+ Kd8 10. Nxa8 b6 11. Ba4 Bb7 12. Nxb6 axb6 13. Qb3 Kc7 14.
Ne2 Na5 15. Qh3 Ne4 16. c3 Ng5 17. Qg3 f4 18. Qd3 Bxg2 19. Rf1 Bxf1 20. Kxf1
Qd6 21. Qb5 Bg7 22. Nxf4 exf4 23. Qxg5 Nc6 24. d4 Rf8 25. Kg1 h6 26. Qb5 Qe6
27. Bd2 Qg4+ 28. Kh1 Qf3+ 29. Kg1 h5 30. Qg5 Qg4+ 31. Qxg4 hxg4 32. Bc2 Rf6
33. Re1 Bf8 34. Be4 Bd6 35. d5 Ne5 36. Kg2 g5 37. a4 Nc4 38. Bc1 f3+ 39. Kf1
Rh6 40. b3 Rxh2 41. Bxf3 gxf3 42. Kg1 Rg2+ 43. Kf1 Bh2 44. Bf4+ gxf4 45. d6+
Kc6 46. bxc4 Rg1# {White checkmated} 0-1

[Event "GambitGuide"]
[Site "Internet Chess Club"]
[Date "2014.10.30"]
[Round "1"]
[White "JSBach"]
[Black "fishhead"]
[Result "1-0"]
[ICCResult "Black resigns"]
[WhiteElo "1713"]
[BlackElo "1597"]
[Opening "Vienna: `Frankenstein-Dracula' variation"]
[ECO "C27"]
[NIC "VG.02"]
[Time "19:51:43"]
[TimeControl "120+12"]

1. e4 e5 2. Nc3 Nf6 3. Bc4 Nxe4 4. Qh5 Nd6 5. Bb3 Nc6 6. Nb5 g6 7. Qf3 f5 8.
Qd5 Qe7 9. Nxc7+ Kd8 10. Nxa8 b6 11. Ba4 Bb7 12. Nxb6 axb6 13. Qb3 b5 14.
Nf3 bxa4 15. Qxa4 Bg7 16. O-O e4 17. Ne1 Qf7 18. c3 Qc4 19. Qxc4 Nxc4 20. d3
exd3 21. Bg5+ Kc7 22. Nxd3 Re8 23. Rfd1 d5 24. b3 N4e5 25. Nf4 Na5 26. Nxd5+
Bxd5 27. Rxd5 Kc6 28. Rxa5 {Black resigns} 1-0

[Event "GambitGuide"]
[Site "Internet Chess Club"]
[Date "2014.10.30"]
[Round "1"]
[White "JSBach"]
[Black "Blatherman"]
[Result "1-0"]
[ICCResult "Black resigns"]
[WhiteElo "1713"]
[BlackElo "1400"]
[Opening "Vienna: `Frankenstein-Dracula' variation"]
[ECO "C27"]
[NIC "VG.02"]
[Time "19:52:26"]
[TimeControl "120+12"]

1. e4 e5 2. Nc3 Nf6 3. Bc4 Nxe4 4. Qh5 Nd6 5. Bb3 Nc6 6. Nb5 g6 7. Qf3 f5 8.
Qd5 Qe7 9. Nxc7+ Kd8 10. Nxa8 b6 11. Ba4 Bb7 12. Nxb6 axb6 13. Qb3 Qe6 14.
Qxb6+ Ke8 15. Bb3 Qf6 16. Bd5 {Black resigns} 1-0

[Event "GambitGuide"]
[Site "Internet Chess Club"]
[Date "2014.10.30"]
[Round "1"]
[White "JSBach"]
[Black "SCARLETTE"]
[Result "1-0"]
[ICCResult "Black resigns"]
[WhiteElo "1713"]
[BlackElo "2877"]
[Opening "Vienna: `Frankenstein-Dracula' variation"]
[ECO "C27"]
[NIC "VG.02"]
[Time "19:25:24"]
[TimeControl "120+12"]

1. e4 e5 2. Nc3 Nf6 3. Bc4 Nxe4 4. Qh5 Nd6 5. Bb3 Nc6 6. Nb5 g6 7. Qf3 f5 8.
Qd5 Qe7 9. Nxc7+ Kd8 10. Nxa8 b6 11. Ba4 Bb7 12. Nxb6 axb6 13. Qb3 Kc7 14.
Ne2 Ne4 15. Qb5 Nc5 16. O-O Ba6 17. Nc3 Bxb5 18. Nd5+ Kd8 19. Nxe7 Bxa4 20.
Nd5 Bxc2 21. Nxb6 Nd3 22. a4 Na5 23. b4 Bxb4 24. Ba3 Bxa3 25. Rxa3 Kc7 26.
Rc3+ Kxb6 27. Rxc2 e4 28. Rb1+ Ka6 29. Rc7 Rd8 30. h3 d5 31. Rxh7 Nc4 32.
Rg7 Rd6 33. Rg8 Rd7 34. Ra8+ Ra7 35. Rg8 Nde5 36. Rb5 Rd7 37. Ra8+ Ra7 38.
Rxa7+ Kxa7 39. Rxd5 {Black resigns} 1-0

[Event "GambitGuide"]
[Site "Internet Chess Club"]
[Date "2014.10.30"]
[Round "1"]
[White "JSBach"]
[Black "Selfoss"]
[Result "1-0"]
[ICCResult "Black resigns"]
[WhiteElo "1713"]
[BlackElo "1316"]
[Opening "Vienna: `Frankenstein-Dracula' variation"]
[ECO "C27"]
[NIC "VG.02"]
[Time "19:53:05"]
[TimeControl "120+12"]

1. e4 e5 2. Nc3 Nf6 3. Bc4 Nxe4 4. Qh5 Nd6 5. Bb3 Nc6 6. Nb5 g6 7. Qf3 f5 8.
Qd5 Qe7 9. Nxc7+ Kd8 10. Nxa8 b6 11. Ba4 Bb7 12. Nxb6 axb6 13. Qb3 Kc7 14.
Ne2 Nd4 15. Nxd4 exd4+ 16. Kf1 Bg7 17. a3 Re8 18. Qe3 dxe3 19. dxe3 Ba6+ 20.
Kg1 Bh6 21. Bd2 Bxe3 22. Bxe3 {Black resigns} 1-0

[Event "GambitGuide"]
[Site "Internet Chess Club"]
[Date "2014.10.30"]
[Round "1"]
[White "JSBach"]
[Black "fishhead"]
[Result "1-0"]
[ICCResult "Black resigns"]
[WhiteElo "1713"]
[BlackElo "1597"]
[Opening "Vienna: `Frankenstein-Dracula' variation"]
[ECO "C27"]
[NIC "VG.02"]
[Time "19:52:45"]
[TimeControl "120+12"]

1. e4 e5 2. Nc3 Nf6 3. Bc4 Nxe4 4. Qh5 Nd6 5. Bb3 Nc6 6. Nb5 g6 7. Qf3 f5 8.
Qd5 Qe7 9. Nxc7+ Kd8 10. Nxa8 b6 11. Ba4 Bb7 12. Nxb6 axb6 13. Qb3 b5 14.
Nf3 bxa4 15. Qxa4 Bg7 16. d3 Ke8 17. Bg5 Bf6 18. Qh4 Bxg5 19. Qxg5 Qxg5 20.
Nxg5 h6 21. Nf3 Kf7 22. a4 Ra8 23. b3 Nc8 24. Rb1 d5 25. c3 e4 26. dxe4 dxe4
27. Nd2 Nd6 28. Rd1 Ke6 29. Rf1 Ne5 30. Ke2 Ba6+ 31. c4 Rb8 32. a5 Ng4 33.
h3 Nf6 34. Ke3 Ke5 35. g3 g5 36. Ke2 f4 37. gxf4+ gxf4 38. Ke1 Nd7 39. Rh1
Nc5 40. Rb1 Nd3+ 41. Ke2 f3+ 42. Nxf3+ exf3+ 43. Kxd3 Kf4 44. Rhd1 Nf5 45.
Kc2 Re8 46. Rd2 {Black resigns} 1-0

[Event "GambitGuide"]
[Site "Internet Chess Club"]
[Date "2014.10.30"]
[Round "1"]
[White "JSBach"]
[Black "puffin"]
[Result "0-1"]
[ICCResult "White checkmated"]
[WhiteElo "1713"]
[BlackElo "1949"]
[Opening "Vienna: `Frankenstein-Dracula' variation"]
[ECO "C27"]
[NIC "VG.02"]
[Time "19:52:54"]
[TimeControl "120+12"]

1. e4 e5 2. Nc3 Nf6 3. Bc4 Nxe4 4. Qh5 Nd6 5. Bb3 Nc6 6. Nb5 g6 7. Qf3 f5 8.
Qd5 Qe7 9. Nxc7+ Kd8 10. Nxa8 b6 11. Ba4 Bb7 12. Nxb6 axb6 13. Qb3 Kc7 14.
Ne2 Nd4 15. Nxd4 exd4+ 16. Kf1 Bg7 17. d3 Re8 18. Be3 dxe3 19. Re1 e2+ 20.
Kg1 Qg5 21. g3 Qg4 22. h3 Qf3 23. Rh2 Be5 24. a3 Bxg3 25. Qc3+ Kb8 26. Bc6
Bxc6 27. Qxc6 dxc6 28. Rg2 Bh4 29. Rg3 Bxg3 30. Rxe2 Rxe2 31. fxg3 Qg2#
{White checkmated}
0-1

[Event "GambitGuide"]
[Site "Internet Chess Club"]
[Date "2014.10.30"]
[Round "1"]
[White "JSBach"]
[Black "Selfoss"]
[Result "0-1"]
[ICCResult "White checkmated"]
[WhiteElo "1713"]
[BlackElo "1316"]
[Opening "Vienna: `Frankenstein-Dracula' variation"]
[ECO "C27"]
[NIC "VG.02"]
[Time "19:54:55"]
[TimeControl "120+12"]

1. e4 e5 2. Nc3 Nf6 3. Bc4 Nxe4 4. Qh5 Nd6 5. Bb3 Nc6 6. Nb5 g6 7. Qf3 f5 8.
Qd5 Qe7 9. Nxc7+ Kd8 10. Nxa8 b6 11. Ba4 Bb7 12. Nxb6 axb6 13. Qb3 Kc7 14.
Ne2 Nd4 15. Nxd4 exd4+ 16. Kf1 Bg7 17. Qb4 Re8 18. Qxd6+ Qxd6 19. c4 Qb4 20.
Bb3 d3 21. Rg1 Bxb2 22. Bxb2 Qxd2 23. Be5+ d6 24. Bxd6+ Kxd6 25. c5+ bxc5
26. Rh1 Qe2+ 27. Kg1 Qe1+ 28. Rxe1 Rxe1# {White checkmated} 0-1

[Event "GambitGuide"]
[Site "Internet Chess Club"]
[Date "2014.10.30"]
[Round "1"]
[White "JSBach"]
[Black "RISHIVIK"]
[Result "1-0"]
[ICCResult "Black checkmated"]
[WhiteElo "1713"]
[BlackElo "1320"]
[Opening "Vienna: `Frankenstein-Dracula' variation"]
[ECO "C27"]
[NIC "VG.02"]
[Time "19:54:11"]
[TimeControl "120+12"]

1. e4 e5 2. Nc3 Nf6 3. Bc4 Nxe4 4. Qh5 Nd6 5. Bb3 Nc6 6. Nb5 g6 7. Qf3 f5 8.
Qd5 Qe7 9. Nxc7+ Kd8 10. Nxa8 b6 11. Ba4 Nb4 12. Qb3 Bb7 13. Qxb4 Bxa8 14.
Kf1 Qg5 15. f3 Ne4 16. Qb5 Bc6 17. Qxe5 Bc5 18. Qxh8+ Ke7 19. d4 Bb4 20.
Qg7+ Kd6 21. Qe5# {Black checkmated} 1-0

[Event "GambitGuide"]
[Site "Internet Chess Club"]
[Date "2014.10.30"]
[Round "1"]
[White "JSBach"]
[Black "Chicago4"]
[Result "1-0"]
[ICCResult "Black checkmated"]
[WhiteElo "1713"]
[BlackElo "1729"]
[Opening "Vienna: `Frankenstein-Dracula' variation"]
[ECO "C27"]
[NIC "VG.02"]
[Time "19:54:43"]
[TimeControl "120+12"]

1. e4 e5 2. Nc3 Nf6 3. Bc4 Nxe4 4. Qh5 Nd6 5. Bb3 Nc6 6. Nb5 g6 7. Qf3 f5 8.
Qd5 Qe7 9. Nxc7+ Kd8 10. Nxa8 b6 11. Ba4 Bb7 12. Nxb6 axb6 13. Qb3 Kc7 14.
Ne2 Bg7 15. O-O Re8 16. Re1 Qh4 17. Nc3 Nd4 18. Nd5+ Bxd5 19. Qxd5 e4 20. c3
Re5 21. Qxd4 f4 22. d3 Rh5 23. Qxg7 Qxh2+ 24. Kf1 b5 25. Bxb5 Nxb5 26. Rxe4
f3 27. Rc4+ Kd8 28. Qf8# {Black checkmated} 1-0

[Event "GambitGuide"]
[Site "Internet Chess Club"]
[Date "2014.10.30"]
[Round "1"]
[White "JSBach"]
[Black "puffin"]
[Result "0-1"]
[ICCResult "White checkmated"]
[WhiteElo "1713"]
[BlackElo "1949"]
[Opening "Vienna: `Frankenstein-Dracula' variation"]
[ECO "C27"]
[NIC "VG.02"]
[Time "19:55:31"]
[TimeControl "120+12"]

1. e4 e5 2. Nc3 Nf6 3. Bc4 Nxe4 4. Qh5 Nd6 5. Bb3 Nc6 6. Nb5 g6 7. Qf3 f5 8.
Qd5 Qe7 9. Nxc7+ Kd8 10. Nxa8 b6 11. Ba4 Bb7 12. Nxb6 axb6 13. Qb3 Kc7 14.
Ne2 Nd4 15. Nxd4 exd4+ 16. Kf1 Bg7 17. a3 Re8 18. Qe3 dxe3 19. dxe3 Qe4 20.
Ke2 Qxa4 21. Kd1 Bxg2 22. Rg1 Bf3+ 23. Kd2 Ne4+ 24. Ke1 Qxc2 25. Bd2 Qxd2+
26. Kf1 Qxf2# {White checkmated} 0-1

[Event "GambitGuide"]
[Site "Internet Chess Club"]
[Date "2014.10.30"]
[Round "1"]
[White "JSBach"]
[Black "Svinotigr"]
[Result "1-0"]
[ICCResult "Black resigns"]
[WhiteElo "1713"]
[BlackElo "1757"]
[Opening "Vienna: `Frankenstein-Dracula' variation"]
[ECO "C27"]
[NIC "VG.02"]
[Time "19:52:21"]
[TimeControl "120+12"]

1. e4 e5 2. Nc3 Nf6 3. Bc4 Nxe4 4. Qh5 Nd6 5. Bb3 Nc6 6. Nb5 g6 7. Qf3 f5 8.
Qd5 Qe7 9. Nxc7+ Kd8 10. Nxa8 b6 11. Ba4 Bb7 12. Nxb6 axb6 13. Qb3 b5 14.
Ne2 bxa4 15. Qxa4 e4 16. Nf4 Bg7 17. Nd5 Qe5 18. c4 f4 19. O-O Nf5 20. Qb3
Kc8 21. Nb6+ Kc7 22. Nd5+ Kc8 23. Nb6+ Kb8 24. Nxd7+ {Black resigns} 1-0

[Event "GambitGuide"]
[Site "Internet Chess Club"]
[Date "2014.10.30"]
[Round "1"]
[White "JSBach"]
[Black "fishhead"]
[Result "1-0"]
[ICCResult "Black resigns"]
[WhiteElo "1713"]
[BlackElo "1597"]
[Opening "Vienna: `Frankenstein-Dracula' variation"]
[ECO "C27"]
[NIC "VG.02"]
[Time "19:55:44"]
[TimeControl "120+12"]

1. e4 e5 2. Nc3 Nf6 3. Bc4 Nxe4 4. Qh5 Nd6 5. Bb3 Nc6 6. Nb5 g6 7. Qf3 f5 8.
Qd5 Qe7 9. Nxc7+ Kd8 10. Nxa8 b6 11. Ba4 Bb7 12. Nxb6 axb6 13. Qb3 b5 14.
Nf3 bxa4 15. Qxa4 Qe6 16. O-O Qc4 17. Qxc4 Nxc4 18. d3 N4a5 19. Re1 Bg7 20.
Bd2 d5 21. Bxa5+ Nxa5 22. Nxe5 Kc7 23. Nxg6 {Black resigns} 1-0

[Event "GambitGuide"]
[Site "Internet Chess Club"]
[Date "2014.10.30"]
[Round "1"]
[White "JSBach"]
[Black "Selfoss"]
[Result "0-1"]
[ICCResult "White checkmated"]
[WhiteElo "1713"]
[BlackElo "1316"]
[Opening "Vienna: `Frankenstein-Dracula' variation"]
[ECO "C27"]
[NIC "VG.02"]
[Time "19:55:48"]
[TimeControl "120+12"]

1. e4 e5 2. Nc3 Nf6 3. Bc4 Nxe4 4. Qh5 Nd6 5. Bb3 Nc6 6. Nb5 g6 7. Qf3 f5 8.
Qd5 Qe7 9. Nxc7+ Kd8 10. Nxa8 b6 11. Ba4 Bb7 12. Nxb6 axb6 13. Qb3 Kc7 14.
Ne2 Nd4 15. Nxd4 exd4+ 16. Kf1 Bg7 17. d3 Re8 18. Be3 dxe3 19. Re1 e2+ 20.
Kg1 Bd4 21. Rxe2 Qxe2 22. Qc3+ Bxc3 23. h4 Bd4 24. Kh2 Qxf2 25. Rd1 Be5+ 26.
Kh1 Qxh4+ 27. Kg1 Bd4+ 28. Kf1 Qf2# {White checkmated} 0-1

[Event "GambitGuide"]
[Site "Internet Chess Club"]
[Date "2014.10.30"]
[Round "1"]
[White "JSBach"]
[Black "Selfoss"]
[Result "1-0"]
[ICCResult "Black resigns"]
[WhiteElo "1713"]
[BlackElo "1316"]
[Opening "Vienna: `Frankenstein-Dracula' variation"]
[ECO "C27"]
[NIC "VG.02"]
[Time "19:56:39"]
[TimeControl "120+12"]

1. e4 e5 2. Nc3 Nf6 3. Bc4 Nxe4 4. Qh5 Nd6 5. Bb3 Nc6 6. Nb5 g6 7. Qf3 f5 8.
Qd5 Qe7 9. Nxc7+ Kd8 10. Nxa8 b6 11. Ba4 Bb7 12. Nxb6 axb6 13. Qb3 Nd4 14.
Qxb6+ {Black resigns} 1-0

[Event "GambitGuide"]
[Site "Internet Chess Club"]
[Date "2014.10.30"]
[Round "1"]
[White "JSBach"]
[Black "Koval"]
[Result "0-1"]
[ICCResult "White checkmated"]
[WhiteElo "1713"]
[BlackElo "1991"]
[Opening "Vienna: `Frankenstein-Dracula' variation"]
[ECO "C27"]
[NIC "VG.02"]
[Time "19:55:12"]
[TimeControl "120+12"]

1. e4 e5 2. Nc3 Nf6 3. Bc4 Nxe4 4. Qh5 Nd6 5. Bb3 Nc6 6. Nb5 g6 7. Qf3 f5 8.
Qd5 Qe7 9. Nxc7+ Kd8 10. Nxa8 b6 11. Ba4 Bb7 12. Nxb6 axb6 13. Qb3 Kc7 14.
Ne2 Ne4 15. Qb5 Qc5 16. O-O Qxb5 17. Bxb5 d5 18. g3 h5 19. d3 Nd6 20. Ba4 b5
21. Bb3 Na5 22. f4 e4 23. Nd4 Nxb3 24. Nxb3 Bg7 25. Re1 h4 26. gxh4 Rxh4 27.
Kh1 d4 28. Na5 Bd5 29. dxe4 fxe4 30. Kg1 e3 31. Rb1 Rg4+ 32. Kf1 Rh4 33. Kg1
Bh6 34. Rd1 Bxf4 35. h3 Rxh3 36. Kf1 Bf3 37. Bxe3 Bxe3 38. Re1 Rh1#
{White checkmated}
0-1

[Event "GambitGuide"]
[Site "Internet Chess Club"]
[Date "2014.10.30"]
[Round "1"]
[White "JSBach"]
[Black "fishhead"]
[Result "1-0"]
[ICCResult "Black resigns"]
[WhiteElo "1713"]
[BlackElo "1597"]
[Opening "Vienna: `Frankenstein-Dracula' variation"]
[ECO "C27"]
[NIC "VG.02"]
[Time "19:56:30"]
[TimeControl "120+12"]

1. e4 e5 2. Nc3 Nf6 3. Bc4 Nxe4 4. Qh5 Nd6 5. Bb3 Nc6 6. Nb5 g6 7. Qf3 f5 8.
Qd5 Qe7 9. Nxc7+ Kd8 10. Nxa8 b6 11. Ba4 Bb7 12. Nxb6 axb6 13. Qb3 b5 14.
Nf3 bxa4 15. Qxa4 Bg7 16. d3 h5 17. Bg5 Bf6 18. h4 Ke8 19. O-O Kf7 20. Rae1
Ra8 21. Bxf6 Qxf6 22. Qb3+ Kg7 23. c3 Ba6 24. c4 Nb7 25. a4 Nc5 26. Qa3 Ne6
27. Qd6 Nf8 28. Qd5 d6 29. Qxc6 {Black resigns} 1-0

[Event "GambitGuide"]
[Site "Internet Chess Club"]
[Date "2014.10.30"]
[Round "1"]
[White "JSBach"]
[Black "triumphant1"]
[Result "0-1"]
[ICCResult "White checkmated"]
[WhiteElo "1713"]
[BlackElo "2045"]
[Opening "Vienna: `Frankenstein-Dracula' variation"]
[ECO "C27"]
[NIC "VG.02"]
[Time "19:56:26"]
[TimeControl "120+12"]

1. e4 e5 2. Nc3 Nf6 3. Bc4 Nxe4 4. Qh5 Nd6 5. Bb3 Nc6 6. Nb5 g6 7. Qf3 f5 8.
Qd5 Qe7 9. Nxc7+ Kd8 10. Nxa8 b6 11. Ba4 Bb7 12. Nxb6 axb6 13. Qb3 Kc7 14.
Ne2 Nd4 15. Nxd4 exd4+ 16. Kf1 Bg7 17. d3 Re8 18. Be3 dxe3 19. Re1 e2+ 20.
Kg1 Qg5 21. g3 Bxh1 22. f4 Qg4 23. Qb4 Qf3 24. Bc6 Qxc6 25. Rxe2 Rxe2 26.
Qc3 Bxc3 27. bxc3 Qg2# {White checkmated} 0-1

[Event "GambitGuide"]
[Site "Internet Chess Club"]
[Date "2014.10.30"]
[Round "1"]
[White "JSBach"]
[Black "marcoss"]
[Result "1-0"]
[ICCResult "Black resigns"]
[WhiteElo "1713"]
[BlackElo "1936"]
[Opening "Vienna: `Frankenstein-Dracula' variation"]
[ECO "C27"]
[NIC "VG.02"]
[Time "19:58:02"]
[TimeControl "120+12"]

1. e4 e5 2. Nc3 Nf6 3. Bc4 Nxe4 4. Qh5 Nd6 5. Bb3 Nc6 6. Nb5 g6 7. Qf3 f5 8.
Qd5 Qe7 9. Nxc7+ Kd8 10. Nxa8 b6 11. Ba4 Bb7 12. Nxb6 axb6 13. Qb3 Nc8 14.
a3 Nd4 15. Qg3 d5 16. d3 Nd6 17. Bg5 {Black resigns} 1-0

[Event "GambitGuide"]
[Site "Internet Chess Club"]
[Date "2014.10.30"]
[Round "1"]
[White "JSBach"]
[Black "Selfoss"]
[Result "1-0"]
[ICCResult "Black resigns"]
[WhiteElo "1713"]
[BlackElo "1316"]
[Opening "Vienna: `Frankenstein-Dracula' variation"]
[ECO "C27"]
[NIC "VG.02"]
[Time "19:56:48"]
[TimeControl "120+12"]

1. e4 e5 2. Nc3 Nf6 3. Bc4 Nxe4 4. Qh5 Nd6 5. Bb3 Nc6 6. Nb5 g6 7. Qf3 f5 8.
Qd5 Qe7 9. Nxc7+ Kd8 10. Nxa8 b6 11. Ba4 Bb7 12. Nxb6 axb6 13. Qb3 Kc7 14.
Ne2 Nd4 15. Nxd4 exd4+ 16. Kf1 Bg7 17. a3 Re8 18. Qe3 dxe3 19. dxe3 Ba6+ 20.
Kg1 Nc4 21. c3 Bh6 22. Bb3 Nxe3 23. h3 Nxg2 24. Bxh6 Nh4 25. Bf4+ Kb7 26.
Bd5+ Ka7 27. Rd1 Qe2 28. Rd2 Qe1+ 29. Kh2 Qe7 30. Rhd1 g5 31. Bc6 gxf4 32.
Rxd7+ Qxd7 33. Rxd7+ Kb8 34. Rxh7 Re2 35. Rxh4 Rxf2+ 36. Kg1 Rxb2 37. Rxf4
Bd3 38. Rb4 Rxb4 39. cxb4 Kc7 40. Bd5 Kd6 41. Bf3 Ke5 42. h4 Kf4 43. Kf2 Ke5
44. h5 f4 45. h6 Kd4 46. a4 Kc3 47. a5 bxa5 48. Be2 Be4 49. Bf3 Bd3 50. Be2
Be4 51. Bf3 Bd3 52. bxa5 Kb4 53. a6 Bxa6 54. h7 {Black resigns} 1-0

[Event "GambitGuide"]
[Site "Internet Chess Club"]
[Date "2014.10.30"]
[Round "1"]
[White "JSBach"]
[Black "EduMorozevich"]
[Result "1-0"]
[ICCResult "Black resigns"]
[WhiteElo "1713"]
[BlackElo "1622"]
[Opening "Vienna: `Frankenstein-Dracula' variation"]
[ECO "C27"]
[NIC "VG.02"]
[Time "19:54:09"]
[TimeControl "120+12"]

1. e4 e5 2. Nc3 Nf6 3. Bc4 Nxe4 4. Qh5 Nd6 5. Bb3 Nc6 6. Nb5 g6 7. Qf3 f5 8.
Qd5 Qe7 9. Nxc7+ Kd8 10. Nxa8 b6 11. Ba4 Bb7 12. Nxb6 axb6 13. Qb3 b5 14.
Nf3 bxa4 15. Qxa4 Bg7 16. d3 Kc7 17. Bg5 Bf6 18. Be3 Ra8 19. Qb3 Ra6 20. O-O
f4 21. Bd2 Rb6 22. Qa3 Nb5 23. Qxe7 Bxe7 24. Rae1 d6 25. c3 Nba7 26. b3 g5
27. Re2 g4 28. Ne1 Bf6 29. b4 Ne7 30. a4 Ba8 31. a5 Rb8 32. f3 gxf3 33. Nxf3
Bxf3 34. Rxf3 Nb5 35. a6 Ra8 36. Rh3 Rxa6 37. Rxh7 Ra3 38. Rf7 Bg5 39. d4
Nxc3 40. Bxc3 Rxc3 41. dxe5 dxe5 42. Rxe5 Bh4 43. Rexe7+ Bxe7 44. Rxe7+ Kd6
45. Re2 Kd5 46. h4 Rb3 47. Re1 Rxb4 48. h5 Rb6 49. Kf2 Rh6 50. Ra1 Ke4 51.
Ra5 Rh8 52. Rb5 Rh6 53. Ke2 Rh8 54. Ke1 Rh6 55. Ke2 Rh8 56. Ra5 Rh6 57. Rc5
Rh8 58. Kd2 f3 59. g4 Kf4 60. Rc4+ Kg5 61. Ke3 Rf8 62. Kf2 Kh6 63. Rc3 Kg5
64. Rxf3 Rg8 65. Re3 Rf8+ 66. Kg3 Rf1 67. Re5+ Kf6 68. Rd5 {Black resigns}
1-0

[Event "GambitGuide"]
[Site "Internet Chess Club"]
[Date "2014.10.30"]
[Round "1"]
[White "JSBach"]
[Black "Overlookinger"]
[Result "1-0"]
[ICCResult "Black checkmated"]
[WhiteElo "1713"]
[BlackElo "1862"]
[Opening "Vienna: `Frankenstein-Dracula' variation"]
[ECO "C27"]
[NIC "VG.02"]
[Time "19:53:04"]
[TimeControl "120+12"]

1. e4 e5 2. Nc3 Nf6 3. Bc4 Nxe4 4. Qh5 Nd6 5. Bb3 Nc6 6. Nb5 g6 7. Qf3 f5 8.
Qd5 Qe7 9. Nxc7+ Kd8 10. Nxa8 b6 11. Ba4 Bb7 12. Nxb6 axb6 13. Qb3 Kc7 14.
Ne2 Bg7 15. Nc3 Nd4 16. Nd5+ Bxd5 17. Qxd5 Qe6 18. Qxe6 dxe6 19. c3 Nc6 20.
Bb3 Re8 21. d3 e4 22. d4 e5 23. d5 Na5 24. Bc2 b5 25. a4 Nab7 26. a5 Ra8 27.
a6 Nc5 28. a7 Nc8 29. Be3 Kd6 30. b4 Nd7 31. Ra6+ Kc7 32. Kd2 f4 33. Bc5
Ncb6 34. d6+ Kb7 35. Rxb6+ Nxb6 36. Bxe4+ Kxa7 37. Bxa8 Kxa8 38. Bxb6 Kb7
39. d7 Kxb6 40. d8=Q+ Kc6 41. Qc8+ Kd5 42. Qd7+ Kc4 43. Qe6# {Black
checkmated} 1-0

[Event "GambitGuide"]
[Site "Internet Chess Club"]
[Date "2014.10.30"]
[Round "1"]
[White "JSBach"]
[Black "Propugnator"]
[Result "1-0"]
[ICCResult "Black resigns"]
[WhiteElo "1713"]
[BlackElo "1795"]
[Opening "Vienna: `Frankenstein-Dracula' variation"]
[ECO "C27"]
[NIC "VG.02"]
[Time "19:55:21"]
[TimeControl "120+12"]

1. e4 e5 2. Nc3 Nf6 3. Bc4 Nxe4 4. Qh5 Nd6 5. Bb3 Nc6 6. Nb5 g6 7. Qf3 f5 8.
Qd5 Qe7 9. Nxc7+ Kd8 10. Nxa8 b6 11. Ba4 Bb7 12. Nxb6 axb6 13. Qb3 Nc8 14.
Nf3 Bg7 15. Qd5 Na5 16. Qd3 e4 17. Qxd7+ Qxd7 18. Bxd7 exf3 19. Bxc8 fxg2
20. Bxb7 gxh1=Q+ 21. Bxh1 Re8+ 22. Kf1 Bh6 23. d3 Bg7 24. Bd5 Kd7 25. Bf7
Re7 26. Bd5 Kd6 27. Bf3 Kc5 28. Be3+ Kb4 29. c3+ Ka4 30. Bxb6 Re6 31. Bxa5
Kxa5 32. b4+ Ka4 33. d4 Re7 34. Bd5 Rc7 35. c4 Kxb4 36. Rd1 Kc3 37. a4 Bxd4
38. a5 Rc5 39. Ke2 Rxa5 40. Rd3+ Kb4 41. Rxd4 Ra2+ 42. Rd2 Ra5 43. f4 Kc5
44. Kf2 Ra3 45. Ke2 Rh3 46. Ke1 Re3+ 47. Re2 Rc3 48. Re7 Rc1+ 49. Kd2 Rh1
50. Rc7+ Kd6 51. Rc6+ Kd7 52. Bxh1 {Black resigns} 1-0